 Dungeon Crawl Stone Soup version 0.31-a0-955-gcb8bc90ed4 (webtiles) character file.

Game seed: 15004818939549734931

98 BinkBink the Chopper (level 4, -2/41 HPs)
             Began as a Minotaur Monk on Oct 22, 2023.
             Was a Believer of Okawaru.
             Slain by Menkaure (15 damage)
             ... on level 4 of the Dungeon.
             The game lasted 00:02:16 (1325 turns).

BinkBink the Chopper (Minotaur Monk)                Turns: 1325, Time: 00:02:16

Health: -2/41      AC: 11    Str: 17    XL:     4   Next: 43%
Magic:  3/3        EV:  8    Int:  7    God:    Okawaru [**....]
Gold:   109        SH:  0    Dex: 13    Spells: 3/3 levels left

rFire   . . .        a - +0 hand axe
rCold   . . .        d - orb {light}
rNeg    . . .        m - +0 storm dragon scales
rPois   .            (helmet restricted)
rElec   +            (no cloak)
rCorr   .            (no gloves)
SInv    .            (no boots)
Will    .....        (no amulet) Stlth
                     (no ring)
HPRegen 0.26/turn    (no ring)
MPRegen 0.08/turn

%: no passive effects
@: glowing
A: horns 2, retaliatory headbutt
a: Renounce Religion, Heroism


You were on level 4 of the Dungeon.
You worshipped Okawaru.
Okawaru was pleased with you.
You visited 2 branches of the dungeon, and saw 4 of its levels.

You collected 109 gold pieces.

Inventory:

Hand Weapons
 a - a +0 hand axe (weapon)
Armour
 b - a +0 robe
 d - an orb of light (worn)
 f - a +0 plate armour
 m - +0 storm dragon scales (worn)
Scrolls
 g - a scroll of teleportation {unknown}
 h - a scroll of brand weapon {unknown}
 i - a scroll of noise {unknown}
 j - 2 scrolls of identify {unknown}
Potions
 c - a potion of ambrosia
 e - a potion of curing {unknown}
 k - 2 potions of heal wounds {unknown}
 l - a potion of degeneration {unknown}


   Skills:
 + Level 4.4 Fighting
 + Level 4.5 Axes
 + Level 2.2 Armour
 + Level 4.0 Dodging


You had 3 spell levels left.
You didn't know any spells.
Your spell library contained the following spells:

 Spells                   Type           Power      Damage    Failure   Level
 Magic Dart               Conj           0%         1d3       100%        1
 Searing Ray              Conj           0%         2d4       100%        2
 Hailstorm                Conj/Ice       0%         3d3       100%        3
 Fulminant Prism          Conj/Hex       0%         3d5       100%        4
 Summon Ice Beast         Ice/Summ       Unusable   N/A       N/A         4
 Simulacrum               Ice/Necr       Unusable   N/A       N/A         6

Dungeon Overview and Level Annotations

Branches:
Dungeon (4/15)             Temple (1/1) D:4

Altars:
Ashenzari
Cheibriados
Elyvilon
Fedhas
Kikubaaqudgha
Makhleb
Nemelex Xobeh
Okawaru
Qazlal
Ru
Sif Muna
Trog
Uskayaw
Vehumet
Wu Jian
Xom
Yredelemnul
The Shining One

Shops:
D:1 ?

Annotations:
D:4 Menkaure


Innate Abilities, Weirdness & Mutations

You have a pair of horns on your head.
You reflexively headbutt those who attack you in melee.


Message History

You see here +0 storm dragon scales. m - +0 storm dragon scales You start removing your armour.
You continue taking off your +0 robe. x4
You finish taking off your +0 robe.
You start putting on your armour.
You continue putting on your +0 storm dragon scales. x5
You finish putting on your +0 storm dragon scales.
Found a stone staircase leading up.
A hobgoblin comes into view.
The hobgoblin shouts!
No target in view!
No target in view!
No target in view!
The hobgoblin hits you but does no damage.
You barely miss the hobgoblin. You headbutt the hobgoblin.
The hobgoblin is severely wounded.
The hobgoblin hits you.
You slash the hobgoblin!
You kill the hobgoblin!
Okawaru accepts your kill.
No target in view!
HP restored.
You see here a hobgoblin corpse.
Found a dagger.
You see here a +0 dagger.
Menkaure, Prince of Dust comes into view.
Menkaure shouts!
Menkaure is nearby!
Menkaure calls on the powers of darkness!
Your body is wracked with pain!
You hit Menkaure but do no damage.
Menkaure calls on the powers of darkness!
Your body is wracked with pain!
You are too injured to fight recklessly!
You are too injured to fight recklessly!
You hit Menkaure but do no damage. You hit Menkaure.
Menkaure is lightly damaged.
Menkaure hits you!
You die...

#.#.......<...
#.#.###.#.####
#.#.###.#.#
#.#.....#.#
#.#######.# #.# #.#
#.# #.#
###########.#######.#
#.....M@..#.#.......#
#.#######.#.#..######.
#.#.#.........#
#.#.#..######.##
#.#.#..##...#...
#.#.#..##.#.#..#
#.#.#........... ..
#.#.#.##...#.... #.#
#.#.#......#.##.


You could see Menkaure.

Vanquished Creatures
  A sleepcap (D:4)
  An iguana (D:4)
  A dart slug (D:1)
  6 endoplasms
  3 giant cockroaches
  4 goblins (D:1)
  2 hobgoblins
  8 kobolds
  3 quokkas (D:1)
  7 ball pythons
  3 bats (D:1)
  2 frilled lizards (D:1)
  2 rats (D:1)
43 creatures vanquished.

Notes
Turn   | Place    | Note
-------+----------+-------------------------------------------
     0 | D:1      | BinkBink the Minotaur Monk began the quest for the Orb.
     0 | D:1      | Reached XP level 1. HP: 19/19 MP: 0/0
   117 | D:1      | Reached XP level 2. HP: 24/27 MP: 1/1
   147 | D:1      | Reached skill level 1 in Armour
   491 | D:1      | Found The Oracle's Delphic Readings.
   498 | D:1      | Reached XP level 3. HP: 31/33 MP: 2/2
   711 | D:2      | Found an ornate altar of the Wu Jian Council.
   816 | D:2      | You fall into a shaft and drop 2 floors!
   851 | D:4      | Reached XP level 4. HP: 41/41 MP: 3/3
  1013 | D:4      | Found a staircase to the Ecumenical Temple.
  1021 | Temple   | Entered the Ecumenical Temple
  1028 | Temple   | Became a worshipper of Warmaster Okawaru
  1028 | Temple   | Reached * piety under Okawaru
  1028 | Temple   | Reached ** piety under Okawaru
  1320 | D:4      | Noticed Menkaure
  1325 | D:4      | Slain by Menkaure

Illustrated notes

Levels and vault maps discovered:
D:1:      matt_arrival_refuge, layout_rooms, nicolae_nh_oracle_at_delphi
D:2:      cheibrodos_old_hovel, layout_loops_ring, basic_altar
D:4:      layout_basic, minmay_temple_entry_ruins, grunt_decor_junction,
          uniq_menkaure
Temple:   nicolae_temple_no_exploring_needed

Skill      XL: |  1  2  3  4 |
---------------+-------------+-----
Armour         | 1 2 |  2.2
Axes           | 4 |  4.5
Fighting       | 4 |  4.4
Dodging        | 4 |  4.0

Action                     |  1- 3 |  4- 6 || total
---------------------------+-------+-------++-------
  Melee: Hand axe          |    61 |    11 ||    72
         Headbutt          |    13 |     2 ||    15
 Armour: Robe              |    23 |     4 ||    27
         Storm dragon scal |       |     3 ||     3
  Dodge: Dodged            |    43 |     4 ||    47

Table legend: (Time is in decaauts)
 A = Elapsed time spent in this place.
 B = Non-inter-level travel time spent in this place.
 C = Inter-level travel time spent in this place.
 D = Time resting spent in this place.
 E = Time spent auto-exploring this place.
 F = Levels seen in this place.
 G = Mean time per level.
                   A        B        C        D        E       F      G
               +--------+--------+--------+--------+--------+-----+--------+
         Total |   1331 |   1281 |     50 |     83 |    972 |   4 |  332.8 |
       Dungeon |   1316 |   1278 |     38 |     83 |    972 |   3 |  438.7 |
        Temple |     14 |      2 |     12 |      0 |      0 |   1 |   14.0 |
               +--------+--------+--------+--------+--------+-----+--------+

Top non-repeatable levels by time:
     D:1: 697 daAuts
     D:4: 495 daAuts
     D:2: 124 daAuts
  Temple: 14 daAuts
